 Dungeon Crawl Stone Soup version 0.18.1-48-g4cf74bf (webtiles) character file.

51319 Heedrag the Devastator (level 14, -6/88 HPs)
             Began as a Deep Elf Conjurer on Aug 31, 2016.
             Was a High Priest of Vehumet.
             Mangled by an ice dragon (12 damage)
             ... in an ice cave on Sept 1, 2016.
             The game lasted 01:16:34 (21464 turns).

Heedrag the Devastator (Deep Elf Conjurer)         Turns: 21464, Time: 01:16:35

Health: -6/88      AC:  6    Str:  8    XL:     14   Next: 23%
Magic:  3/45       EV: 19    Int: 23    God:    Vehumet [*****.]
Gold:   1396       SH:  0    Dex: 15    Spells: 7 memorised, 11 levels left

rFire  + + .     SeeInvis .     t - +3 flail (venom)
rCold  + + .     Gourm    .     Q - +1 robe {rC+}
rNeg   . . .     Faith    .     (no shield)
rPois  .         Spirit   .     h - +0 hat
rElec  .         Dismiss  .     j - +0 cloak
rCorr  .         Reflect  .     Y - +0 pair of gloves {rF+}
SustAt .         Harm     .     q - +0 pair of boots
MR     ++...                    L - amulet of regeneration
Stlth  ++........               H - ring of protection from magic
                                r - ring of magical power

@: very resistant to hostile enchantments, unstealthy
A: horns 1, blurry vision 1, cold resistance 1, fire resistance 1, high mp 1,
sense surroundings 1
a: Renounce Religion


You were in an ice cave.
You worshipped Vehumet.
Vehumet was extremely pleased with you.
You were near starving.

You visited 3 branches of the dungeon, and saw 20 of its levels.
You also visited: Sewer, Ice Cave and Volcano.

You collected 1396 gold pieces.

Inventory:

Hand Weapons
 t - a +3 flail of venom (weapon)
 S - the +8 blowgun of Dagot {evade, rN+ Int+4}
   (You found it on level 6 of the Lair of Beasts)

   It affects your evasion (+5 to EV).
   It affects your intelligence (+4).
   It protects you from negative energy.
Missiles
 C - 2 poisoned javelins (quivered)
Armour
 a - a +0 large shield
 h - a +0 hat (worn)
 j - a +0 cloak (worn)
 q - a +0 pair of boots (worn)
 Q - a +1 robe of cold resistance (worn)
 Y - a +0 pair of gloves of fire resistance (worn)
Jewellery
 b - an uncursed ring of wizardry
 o - an uncursed ring of protection from fire
 r - a ring of magical power (left hand)
 F - an uncursed ring of protection from fire
 H - a ring of protection from magic (right hand)
 K - an uncursed ring of poison resistance
 L - an amulet of regeneration (around neck)
Wands
 z - a wand of acid (11/15)
 B - a wand of paralysis (14/24)
 I - a wand of disintegration (10/24)
 P - a wand of iceblast (6/15)
 W - a wand of disintegration (11/24)
Scrolls
 d - 4 scrolls of blinking
 e - 10 scrolls of remove curse
 f - 2 scrolls of magic mapping
 p - 18 scrolls of identify
 G - 4 scrolls of fear
 M - 5 scrolls of teleportation
Potions
 g - 2 potions of invisibility
 k - 4 potions of curing
 l - 7 potions of brilliance
 s - 4 potions of flight
 x - 5 potions of haste
Miscellaneous
 u - a phantom mirror
 X - a crystal ball of energy
Comestibles
 c - 7 bread rations
 m - 12 slices of pizza
 n - 6 beef jerkies
 v - 4 meat rations
 w - 15 fruits
 D - a royal jelly


   Skills:
 * Level 10.5 Fighting
 + Level 10.5 Dodging
 - Level 2.4 Stealth
 + Level 13.2 Spellcasting
 * Level 15.5 Conjurations
 - Level 10.2 Charms
 + Level 1.4 Summonings
 - Level 4.0 Translocations
 + Level 3.7 Earth Magic
 + Level 4.5 Evocations


You had 11 spell levels left.
You knew the following spells:

 Your Spells              Type           Power        Failure   Level  Hunger
a - Magic Dart            Conj           ####         0%          1    None
b - Iskenderun's Mystic   Conj           ######..     1%          4    None
c - Iskenderun's Battles  Conj/Chrm      ######..     1%          5    ###....
d - Force Lance           Conj/Tloc      ######..     1%          4    None
e - Orb of Destruction    Conj           ######....   2%          7    ######.
f - Iron Shot             Conj/Erth      ######....   4%          6    #####..
g - Summon Butterflies    Summ           ###.....     2%          1    None


Dungeon Overview and Level Annotations

Branches:
Dungeon (12/15)            Temple (1/1) D:4            Lair (7/8) D:8
  Swamp (0/4) Lair:6       Spider (0/4) Lair:5          Orc (0/2) D:9
  Slime: Lair:6-8

Altars:
Ashenzari
Cheibriados
Dithmenos
Elyvilon
Fedhas
Gozag
Kikubaaqudgha
Makhleb
Nemelex Xobeh
Okawaru
Pakellas
Qazlal
Ru
Sif Muna
Trog
Vehumet
Xom
Yredelemnul
Zin
The Shining One

Shops:
D:11 [

Annotations:
D:6 exclusion: oklob plant


Innate Abilities, Weirdness & Mutations

You have a pair of small horns on your head.
Scrolls take you a little longer to read.
Your flesh is cold resistant.
Your flesh is heat resistant.
You have an increased reservoir of magic (+10% MP).
You passively map a small area around you.


Message History

Tha blast o' cold hits ye!
Ye resist.
* * * LOW HITPOINT WARNIN'
* * * Drink which item? (? fer menu, 'sc ta quit) Ye feel much better.
Ye barely miss tha ice dragon.
Ye headbutt tha ice dragon, but do nay damage.
Tha ice dragon be heavily wounded.
Tha ice dragon bites ye!
* * * LOW HITPOINT WARNIN'
* * * Tha ice dragon claws ye.
* * * LOW HITPOINT WARNIN'
* * * Tha ice dragon tramples ye!
* * * LOW HITPOINT WARNIN'
* * * Ye stumble backwards!
Tha ice dragon bites ye but does nay damage.
Tha ice dragon completely misses ye.
Tha ice dragon closely misses ye.
Ye hit tha ice dragon.
Tha ice dragon be heavily wounded.
Tha ice dragon bites ye!
Ye die...

#...............
*
##..............
##...........##
##........###
###....###
###..## ##..###
* *≈ ≈≈
##...######* ≈≈
≈ ###.@D...##≈ ≈
≈ ≈ ####..*.## ≈
≈ ####..## ###
##..###.## *
##.#....#
#...##.# ,
#####..###,
#...##.##
##......#


You could see an ice dragon and a friendly battlesphere.

Vanquished Creatures
  Gastronok (Lair:2)
  Snorg (Lair:4)
  2 ice dragons
  Fannar (D:10)
  8 hydras
  A catoblepas (Lair:6)
  A centaur warrior (D:10)
  Urug (Lair:3)
  Nergalle (Lair:3)
  Sonja (D:10)
  2 unseen horrors
  2 hill giants
  A manticore (Lair:4)
  A griffon (Lair:4)
  An orb spider (Lair:5)
  An ugly thing (D:11)
  2 ice statues (IceCv)
  3 toenail golems (Volcano)
  A black mamba (Lair:3)
  A torpor snail (Lair:6)
  A gargoyle (D:11)
  8 spiny frogs
  4 rime drakes
  7 komodo dragons
  4 trolls
  2 polar bears
  2 giant leeches (Lair:6)
  23 blink frogs
  5 basilisks
  A spriggan (D:8)
  17 yaks
  14 wyverns
  3 fire bats (Lair:4)
  11 hippogriffs
  6 humans (Volcano)
  4 wargs (D:9)
  A hell hound (Lair:3)
  18 ice beasts
  A water moccasin (shapeshifter) (D:12)
  9 water moccasins
  3 orc warriors (D:11)
  10 porcupines
  3 phantoms
  6 sky beasts
  2 black bears
  5 ogres
  15 wolves
  8 crocodiles
  3 centaurs (D:7)
  A big kobold (Sewer)
  8 giant frogs
  A gnoll sergeant (D:7)
  3 scorpions
  13 wights
  4 howler monkeys
  4 crimson imps
  2 centaur zombies
  5 centaur skeletons
  8 orc priests
  6 hounds
  2 jellies
  Crazy Yiuf (D:6)
  8 orc wizards
  8 iguanas
  2 worker ants
  A killer bee zombie (D:6)
  14 sheep
  2 hound zombies
  A worker ant zombie (D:5)
  12 adders
  13 gnolls
  A howler monkey skeleton (D:5)
  109 river rats
  4 shadow imps
  An adder skeleton (D:8)
  An adder zombie (D:10)
  2 worms
  2 dart slugs
  5 giant geckos
  49 orcs
  A ball python (D:2)
  5 bats
  7 giant cockroaches
  4 goblins
  5 hobgoblins
  14 jackals
  4 quokkas
  7 giant newts
  11 kobolds
  A quokka zombie (D:9)
  7 rats
  2 butterflies (Lair:2)
590 creatures vanquished.

Vanquished Creatures (others)
  3 fungi (Lair:4)
  A plant (Lair:4)
4 creatures vanquished.

Grand Total: 594 creatures vanquished

Notes
Turn   | Place    | Note
--------------------------------------------------------------
     0 | D:1      | Heedrag the Deep Elf Conjurer began the quest for the Orb.
     0 | D:1      | Reached XP level 1. HP: 10/10 MP: 6/6
   194 | D:1      | Found a shattered altar of Ashenzari.
   298 | D:1      | Reached XP level 2. HP: 10/15 MP: 4/8
   635 | D:1      | Reached skill level 5 in Conjurations
   893 | D:2      | Reached XP level 3. HP: 19/19 MP: 0/10
  1446 | D:3      | Found a burning altar of Makhleb.
  1451 | D:3      | Reached XP level 4. HP: 22/24 MP: 6/12
  1477 | D:3      | Learned a level 4 spell: Iskenderun's Mystic Blast
  1804 | D:3      | Found a snail-covered altar of Cheibriados.
  1876 | D:3      | Reached skill level 5 in Spellcasting
  1876 | D:3      | Reached skill level 6 in Conjurations
  2013 | D:3      | Reached XP level 5. HP: 28/28 MP: 14/14
  2414 | D:4      | Learned a level 5 spell: Iskenderun's Battlesphere
  2450 | D:4      | Found a staircase to the Ecumenical Temple.
  2472 | D:4      | Reached skill level 1 in Charms
  2743 | D:4      | Found a glowing drain.
  2794 | Sewer    | Entered a sewer
  2803 | Sewer    | Reached XP level 6. HP: 27/32 MP: 14/16
  2936 | Sewer    | Reached skill level 7 in Conjurations
  3047 | Sewer    | Found a white marble altar of Elyvilon.
  3325 | Temple   | Entered the Ecumenical Temple
  3375 | Temple   | Became a worshipper of Vehumet
  3506 | D:4      | Found an iron altar of Okawaru.
  3753 | D:5      | Entered Level 5 of the Dungeon
  4357 | D:5      | Reached XP level 7. HP: 36/36 MP: 18/18
  4647 | D:5      | Found a blossoming altar of Fedhas.
  4649 | D:5      | Found a white marble altar of Elyvilon.
  4749 | D:6      | Reached skill level 8 in Conjurations
  4989 | D:6      | Reached skill level 5 in Charms
  5089 | D:6      | Found a shadowy altar of Dithmenos.
  5089 | D:6      | Noticed an oklob plant
  5213 | D:6      | Noticed Crazy Yiuf
  5217 | D:6      | Killed Crazy Yiuf
  5217 | D:6      | Reached XP level 8. HP: 41/41 MP: 18/20
  5302 | D:6      | Reached * piety under Vehumet
  5302 | D:6      | Offered knowledge of Shock by Vehumet.
  5495 | D:6      | Reached skill level 9 in Conjurations
  6043 | D:7      | Reached skill level 1 in Fighting
  6198 | D:7      | Offered knowledge of Throw Flame by Vehumet.
  6198 | D:7      | Reached skill level 10 in Conjurations
  6198 | D:7      | Reached XP level 9. HP: 45/47 MP: 19/23
  6203 | D:7      | Reached ** piety under Vehumet
  6353 | D:7      | Gained mutation: You passively map a small area around you. [mutagenic meat]
  6354 | D:7      | Gained mutation: Scrolls take you a little longer to read. [mutagenic meat]
  7242 | D:8      | Noticed a four-headed hydra
  7974 | D:8      | Found a staircase to the Lair.
  7997 | D:8      | Offered knowledge of Mephitic Cloud by Vehumet.
  8037 | D:8      | Learned a level 4 spell: Force Lance
  8053 | D:8      | Killed a four-headed hydra
  8053 | D:8      | Reached skill level 5 in Dodging
  8053 | D:8      | Reached skill level 11 in Conjurations
  8053 | D:8      | Reached XP level 10. HP: 48/56 MP: 17/25
  8292 | Lair:1   | Entered Level 1 of the Lair of Beasts
  8386 | Lair:1   | Reached *** piety under Vehumet
  8576 | Lair:1   | Noticed a five-headed hydra
  8585 | Lair:1   | Killed a five-headed hydra
  8585 | Lair:1   | Reached skill level 5 in Fighting
  8753 | Lair:1   | Noticed a seven-headed hydra
  8758 | Lair:1   | Killed a seven-headed hydra
  8758 | Lair:1   | Reached skill level 10 in Spellcasting
  8840 | Lair:1   | Noticed a seven-headed hydra
  8847 | Lair:1   | Killed a seven-headed hydra
  8874 | Lair:1   | Noticed a spiny frog
  8878 | Lair:1   | Killed a spiny frog
  8881 | Lair:1   | Offered knowledge of Sticky Flame by Vehumet.
  9208 | Lair:1   | Reached skill level 12 in Conjurations
  9208 | Lair:1   | Reached XP level 11. HP: 64/64 MP: 27/27
  9445 | Lair:1   | Reached skill level 10 in Charms
  9800 | Lair:2   | Noticed Gastronok
  9835 | Lair:2   | Reached **** piety under Vehumet
  9852 | Lair:2   | Offered knowledge of Lee's Rapid Deconstruction by Vehumet.
 10105 | Lair:2   | Killed Gastronok
 10105 | Lair:2   | Reached skill level 1 in Translocations
 10544 | Lair:2   | Reached ***** piety under Vehumet
 10648 | Lair:2   | Offered knowledge of Orb of Destruction by Vehumet.
 10741 | Lair:2   | Learned a level 7 spell: Orb of Destruction
 10967 | Lair:2   | Reached skill level 13 in Conjurations
 11694 | Lair:3   | Reached XP level 12. HP: 72/72 MP: 29/29
 12152 | Lair:3   | Noticed Nergalle
 12158 | Lair:3   | Killed Nergalle
 12299 | Lair:3   | Noticed Urug
 12304 | Lair:3   | Killed Urug
 12541 | Lair:4   | Noticed Snorg
 12567 | Lair:4   | Killed Snorg
 12674 | Lair:4   | Found a dark tunnel.
 12683 | Volcano  | Entered a volcano
 13197 | Lair:4   | Noticed a six-headed hydra
 13201 | Lair:4   | Killed a six-headed hydra
 13414 | Lair:4   | Reached skill level 14 in Conjurations
 13422 | Lair:4   | Offered knowledge of Iron Shot by Vehumet.
 13614 | Lair:4   | Noticed a five-headed hydra
 13618 | Lair:4   | Killed a five-headed hydra
 14115 | Lair:4   | Noticed an eight-headed hydra
 14260 | Lair:4   | Killed an eight-headed hydra
 14290 | Lair:3   | Reached XP level 13. HP: 38/80 MP: 5/31
 14725 | Lair:4   | Reached skill level 1 in Evocations
 14788 | Lair:4   | Learned a level 6 spell: Iron Shot
 15052 | Lair:5   | Reached skill level 1 in Earth Magic
 15454 | D:9      | Found a staircase to the Orcish Mines.
 15946 | D:10     | Entered Level 10 of the Dungeon
 16020 | D:10     | Noticed Sonja
 16021 | D:10     | Killed Sonja
 16168 | D:10     | Noticed Fannar
 16174 | D:10     | Killed Fannar
 16320 | D:10     | Gained mutation: You have a pair of small horns on your head. [mutagenic meat]
 16321 | D:10     | Gained mutation: You expend magic power (3 MP) to strengthen your wands. [mutagenic meat]
 16323 | D:10     | Gained mutation: Your flesh is cold resistant. [mutagenic meat]
 17194 | D:11     | Found Liunam's Antique Armour Emporium.
 17200 | D:11     | Got a steaming scale mail
 17203 | D:11     | Identified the +1 scale mail of Trumpets {rN+} (You found it on level 11 of the Dungeon)
 17667 | D:11     | Found a shadowy altar of Dithmenos.
 17673 | D:11     | Reached skill level 15 in Conjurations
 17903 | D:12     | Reached skill level 10 in Dodging
 17997 | D:12     | Reached skill level 10 in Fighting
 18034 | D:12     | Lost mutation: You expend magic power (3 MP) to strengthen your wands. [mutagenic meat]
 18035 | D:12     | Gained mutation: You have an increased reservoir of magic (+10% MP). [mutagenic meat]
 18036 | D:12     | Gained mutation: Your flesh is heat resistant. [mutagenic meat]
 18378 | Lair:5   | Found a hole to the Spider Nest.
 19332 | Lair:6   | Found an iron altar of Okawaru.
 19591 | Lair:6   | Found a staircase to the Swamp.
 19617 | Lair:6   | Found a runed door.
 19631 | Lair:6   | Offered knowledge of Venom Bolt by Vehumet.
 19953 | Lair:6   | Reached XP level 14. HP: 88/88 MP: 36/36
 20300 | Lair:6   | Got a dazzling blowgun
 20305 | Lair:6   | Identified the +8 blowgun of Dagot {evade, rN+ Int+4} (You found it on level 6 of the Lair of Beasts)
 20404 | Lair:1   | Learned a level 1 spell: Summon Butterflies
 20744 | Lair:7   | Found a frozen archway.
 20787 | IceCv    | Entered an ice cave
 20798 | IceCv    | Reached skill level 1 in Summonings
 21464 | IceCv    | Mangled by an ice dragon

Skill      XL: |  1  2  3  4  5  6  7  8  9 10 11 12 13 14 |
---------------+-------------------------------------------+-----
Conjurations   | 5 6 7 8 10 11 12 13 14 15 | 15.5
Spellcasting   | 4 5 6 7 8 9 10 11 12 13 | 13.2
Charms         | 2 3 5 7 8 9 10 | 10.2
Fighting       | 1 4 5 7 9 10 | 10.5
Dodging        | 3 5 6 7 9 10 | 10.5
Translocations | 2 4 |  4.0
Evocations     | 3 4 |  4.5
Earth Magic    | 3 |  3.7
Summonings     | 1 |  1.4
Stealth        | |  2.4

Action                   |  1- 3 |  4- 6 |  7- 9 | 10-12 | 13-15 || total
-------------------------+-------+-------+-------+-------+-------++-------
Melee: Unarmed           |     2 |       |       |       |       ||     2
       Club              |     7 |       |       |       |       ||     7
       Flail             |       |    13 |    12 |    33 |    15 ||    73
       Headbutt          |       |       |       |       |     3 ||     3
 Cast: Magic Dart        |    73 |   167 |   242 |   417 |   267 ||  1166
       Iskenderun's Myst |       |     3 |     7 |    89 |   169 ||   268
       Iskenderun's Batt |       |       |    33 |    77 |    70 ||   180
       Force Lance       |       |       |       |    21 |    10 ||    31
       Iron Shot         |       |       |       |       |     1 ||     1
       Orb of Destructio |       |       |       |       |     1 ||     1
Evoke: Wand              |       |       |       |     4 |     1 ||     5
  Use: Scroll            |       |     5 |       |     8 |     7 ||    20
       Potion            |       |       |       |    13 |     3 ||    16
 Stab: Distracted        |       |     1 |       |       |       ||     1
       Sleeping          |       |       |       |       |     1 ||     1
  Eat: Chunk             |     1 |     8 |    23 |    32 |    34 ||    98
       Beef jerky        |       |     1 |       |       |     1 ||     2
       Fruit             |       |       |       |     2 |       ||     2
Armor: Robe              |     5 |    11 |    16 |    22 |    28 ||    82
Dodge: Dodged            |    15 |    37 |    54 |   140 |   112 ||   358
